 Dungeon Crawl Stone Soup version 0.26.0-45-g9c1d065592 (webtiles) character file.

Game seed: 18214328985230339814

49 DildoBatman the Conjurer (level 4, -1/30 HPs)
             Began as a Formicid Conjurer on Jan 28, 2021.
             Slain by an orc
             ... wielding a +0 whip
              (3 damage)
             ... on level 3 of the Dungeon.
             The game lasted 00:02:29 (1295 turns).

DildoBatman the Conjurer (Formicid Conjurer)        Turns: 1295, Time: 00:02:29

Health: -1/30      AC:  2    Str: 12    XL:     4   Next: 2%
Magic:  0/7        EV: 12    Int: 18    God:
Gold:   40         SH:  0    Dex:  9    Spells: 4/7 levels left

rFire    . . .     SeeInvis +   b - +0 club
rCold    . . .     Faith    .   (no shield)
rNeg     . . .     Spirit   +   a - +0 robe
rPois    .         Reflect  .   (helmet unavailable)
rElec    .         Harm     .   (no cloak)
rCorr    .         Rampage  .   (no gloves)
Will     .....                  (no boots)
Stlth    ++........             d - amulet of guardian spirit
HPRegen  0.10/turn              (no ring)
MPRegen  0.10/turn              (no ring)

@: no status effects
A: permanent stasis, dig shafts and tunnels, four strong arms, antennae 3
a: Dig, Shaft Self


You were on level 3 of the Dungeon.
You visited 1 branch of the dungeon, and saw 3 of its levels.

You collected 40 gold pieces.

Inventory:

Hand Weapons
 b - a +0 club (weapon)
Missiles
 c - 25 stones
 e - 3 arrows
Armour
 a - a +0 robe (worn)
Jewellery
 d - an amulet of guardian spirit (around neck)


   Skills:
 - Level 1.7 Dodging
 - Level 2.4 Stealth
 - Level 2.1 Spellcasting
 * Level 4.8 Conjurations


You had 4 spell levels left.
You knew the following spells:

 Your Spells              Type           Power        Failure   Level
a - Searing Ray           Conj           38%          3%          2
c - Magic Dart            Conj           76%          2%          1

Your spell library contained the following spells:

 Spells                   Type           Power        Failure   Level
 Dazzling Flash           Conj/Hex       20%          21%         3
 Fulminant Prism          Conj/Hex       5%           54%         4
 Iskenderun's Mystic Bla  Conj/Tloc      10%          54%         4


Dungeon Overview and Level Annotations

Branches:
Dungeon (2/15)

Altars:


Innate Abilities, Weirdness & Mutations

You cannot be hasted, slowed, berserked, paralysed or teleported.
You can dig through walls and to a lower floor.
Your four strong arms can wield two-handed weapons with a shield.
You have a pair of large antennae on your head. (SInv)


Message History

t - Shout!
Orders for allies: a - Attack new target. r - Retreat! s - Stop attacking. g - Guard the area. f - Follow me.
Anything else - Cancel.
You shout for attention!
The rat bites you. The orc completely misses you. The orc misses you.
What are your orders? t - Shout!
Orders for allies: a - Attack new target. r - Retreat! s - Stop attacking. g - Guard the area. f - Follow me.
Anything else - Cancel.
You shout for attention!
The rat misses you. The orc misses you. The orc hits you with a +0 whip.
You die...

#.#.#.##
#.#.##.##
#.#.###.##
#.#.#
##.##
#.#.#
##.## #.#
##.# #.
###.##
#.###.r##
#...o@##
#.###o#
#o# {oo#
###


You could see an orc wizard, 4 orcs and a rat.

Vanquished Creatures
  An ooze (D:1)
  A worm (D:2)
  A dart slug (D:1)
  3 leopard geckos (D:1)
  A ball python (D:1)
  A bat (D:1)
  A giant cockroach (D:1)
  7 goblins (D:1)
  6 hobgoblins (D:1)
  3 jackals (D:1)
  2 kobolds (D:1)
  3 frilled lizards (D:1)
  3 rats (D:1)
33 creatures vanquished.

Notes
Turn   | Place    | Note
-------+----------+-------------------------------------------
     0 | D:1      | DildoBatman the Formicid Conjurer began the quest for the
                  | Orb.
     0 | D:1      | Reached XP level 1. HP: 13/13 MP: 3/3
   113 | D:1      | Reached skill level 4 in Conjurations
   113 | D:1      | Reached XP level 2. HP: 19/19 MP: 1/5
   121 | D:1      | Learned a level 2 spell: Searing Ray
   424 | D:1      | Reached XP level 3. HP: 22/24 MP: 2/6
  1257 | D:2      | Reached XP level 4. HP: 30/30 MP: 1/7
  1259 | D:2      | You fall into a shaft and drop 1 floor!
  1295 | D:3      | Slain by an orc

Illustrated notes

Levels and vault maps discovered:
D:1:      minmay_arrival_loop, layout_basic, st_stairs_5
D:2:      cheibrodos_pilgrimage, layout_basic, uniq_terence, uniq_natasha,
          uniq_crazy_yiuf_cottage
D:3:      layout_basic, minmay_misc_feat_chi, minivault_5

Skill      XL: |  1 |
---------------+----+-----
Conjurations   | 4 |  4.8
Dodging        | |  1.7
Stealth        | |  2.4
Spellcasting   | |  2.1

Action                   |  1- 3 |  4- 6 || total
-------------------------+-------+-------++-------
Melee: Club              |    16 |       ||    16
 Cast: Magic Dart        |    34 |       ||    34
       Searing Ray       |     7 |       ||     7
 Abil: Dig               |       |     3 ||     3
       Shaft Self        |       |     1 ||     1
 Stab: Sleeping          |     1 |       ||     1
Armor: Robe              |     6 |     9 ||    15
Dodge: Dodged            |    13 |    20 ||    33
